 Dungeon Crawl Stone Soup version 0.28-a0-983-g1de4e0787c (webtiles) character file.

Game seed: 4007107952080920918

152 cheechan the Gusty (level 5, 0/32 HPs)
             Began as an Octopode Air Elementalist on Dec 2, 2021.
             Shot with a bolt by a kobold (8 damage)
             ... on level 4 of the Dungeon.
             The game lasted 00:11:57 (2875 turns).

cheechan the Gusty (Octopode Air Elementalist)      Turns: 2875, Time: 00:11:57

Health: 0/32       AC:  1    Str:  8    XL:     5   Next: 34%
Magic:  1/3        EV: 17    Int: 19    God:
Gold:   191        SH:  0    Dex: 12    Spells: 8/9 levels left

rFire   . . .      SeeInvis .   l - +2 whip (antimagic)
rCold   . . .      Faith    .   (no shield)
rNeg    . . .      Spirit   .   (helmet restricted)
rPois   .          Reflect  .   (no amulet)
rElec   .          Harm     .   j - +4 ring of evasion
rCorr   .          Rampage  .   (no ring)
Will    .....                   (no ring)
Stlth   +++.......              (no ring)
HPRegen 0.10/turn               (no ring)
MPRegen 0.08/turn               (no ring)
                                (no ring)
                                (no ring)

@: no status effects
A: almost no armour, amphibious, 8 rings, camouflage 1, gelatinous body 1,
(nimble swimmer 1), tentacles
a: no special abilities


You were on level 4 of the Dungeon.
You visited 1 branch of the dungeon, and saw 4 of its levels.

You collected 191 gold pieces.

Inventory:

Hand Weapons
 f - a +0 hunting sling
 l - a +2 antimagic whip (weapon)
Missiles
 c - 65 arrows
 g - 6 atropa-tipped darts
 k - 29 sling bullets
 o - 21 bolts
Jewellery
 j - a +4 ring of evasion (left tentacle)
Potions
 a - a potion of resistance
 b - a potion of flight
 d - a potion of lignification {unknown}
 e - 2 potions of invisibility
 i - a potion of haste {unknown}
 m - a potion of heal wounds {unknown}
 n - 2 potions of brilliance


   Skills:
 + Level 0.3 Fighting
 + Level 2.1 Maces & Flails
 + Level 2.3 Dodging
 + Level 3.2 Stealth
 + Level 2.7 Spellcasting
 + Level 1.8 Conjurations
 + Level 4.0 Air Magic


You had 8 spell levels left.
You knew the following spells:

 Your Spells              Type           Power      Damage    Failure   Level
a - Shock                 Conj/Air       52%        1d6       4%          1

Your spell library contained the following spells:

 Spells                   Type           Power      Damage    Failure   Level
 Static Discharge         Conj/Air       13%        N/A       7%          2
 Swiftness                Air            17%        N/A       9%          3
 Airstrike                Air            8%         N/A       30%         4
 Passage of Golubria      Tloc           2%         N/A       83%         4
 Silence                  Hex/Air        5%         N/A       88%         5
 Lehudib's Crystal Spear  Conj/Erth      3%         10d2      100%        8


Dungeon Overview and Level Annotations

Branches:
Dungeon (4/15)
 Temple: D:4-7

Altars:
Fedhas
Kikubaaqudgha
Qazlal
Trog
Wu Jian

Shops:
D:2 *


Innate Abilities, Weirdness & Mutations

You cannot wear most types of armour.
You are amphibious.
You can wear up to eight rings at the same time.
Your skin changes colour to match your surroundings (Stealth+).
Your rubbery body absorbs attacks. (AC +1, EV +1)
((You are camouflaged near water. (Stealth+)))
You have tentacles for arms and can constrict up to eight enemies at once.


Message History

Unknown command.
Casting: Shock (safe; 4% risk of failure)
Confirm with . or Enter, or press ? or * to list all spells.
Aiming: Shock (safe; 4% risk of failure)
Press: ? - help, Shift-Dir - straight line The zap hits the scorpion.
The scorpion is moderately wounded.
Unknown command.
The scorpion stings you!
You are poisoned.
The scorpion poisons you! The scorpion stings you!
You are lethally poisoned!
The scorpion poisons you!
* * * LOW HITPOINT WARNING * * *
You feel very sick.
Casting: Shock (safe; 4% risk of failure)
Confirm with . or Enter, or press ? or * to list all spells.
You don't have enough magic to cast this spell.
Okay, then.
It was a potion of curing.
You feel better. The scorpion closely misses you.
You barely miss the scorpion. Your grab misses the scorpion.
The scorpion is moderately wounded.
The scorpion closely misses you.
You hit the scorpion. You grab the scorpion.
The scorpion is heavily wounded.
You constrict the scorpion, but do no damage.
The scorpion stings you. The scorpion stings you!
* * * LOW HITPOINT WARNING * * *
You hit the scorpion.
The scorpion is severely wounded.
You constrict the scorpion. The scorpion closely misses you.
You hit the scorpion but do no damage.
The scorpion is severely wounded.
You constrict the scorpion, but do no damage.
The scorpion misses you.
You hit the scorpion. You squeeze the scorpion.
You kill the scorpion!
The kobold unwields a +0 dagger.
The kobold wields a +0 hand crossbow.
The kobold shoots a bolt.
The bolt hits you!
You die...

.........
#...)..#
##......##
(.......#
#######...K...#
#.......#
#.#####.#
#.##(.#.#
#<...@.K#
#.####### #..
####


You could see a kobold.

Vanquished Creatures
  A scorpion (D:4)
  A water moccasin skeleton (D:3)
  An orc wizard (D:3)
  2 adders
  2 dart slugs (D:1)
  2 orcs (D:3)
  8 endoplasms
  2 giant cockroaches
  A goblin (D:3)
  4 hobgoblins
  2 jackals (D:1)
  8 kobolds
  3 quokkas
  6 ball pythons
  7 bats
  6 rats
56 creatures vanquished.

Vanquished Creatures (collateral kills)
  A bat (D:2)
  A giant cockroach (D:2)
  A rat (D:2)
3 creatures vanquished.

Vanquished Creatures (others)
  4 plants (D:2)
  4 toadstools (D:2)
8 creatures vanquished.

Grand Total: 67 creatures vanquished

Notes
Turn   | Place    | Note
-------+----------+-------------------------------------------
     0 | D:1      | cheechan the Octopode Air Elementalist began the quest for
                  | the Orb.
     0 | D:1      | Reached XP level 1. HP: 11/11 MP: 3/3
     6 | D:1      | Noticed a lindwurm
     6 | D:1      | Noticed a wyvern
     7 | D:1      | Noticed a black mamba
     7 | D:1      | Noticed a snapping turtle
   147 | D:1      | Reached XP level 2. HP: 17/17 MP: 0/5
   654 | D:1      | Reached XP level 3. HP: 18/21 MP: 4/6
   712 | D:1      | Found a faded altar of an unknown god.
  1365 | D:2      | Reached skill level 1 in Maces & Flails
  1568 | D:2      | Found Quun Geuttyv's General Store.
  1940 | D:3      | Reached XP level 4. HP: 27/27 MP: 1/7
  2081 | D:3      | Found an ornate altar of the Wu Jian Council.
  2081 | D:3      | Found a bloodstained altar of Trog.
  2093 | D:3      | Found an ancient bone altar of Kikubaaqudgha.
  2096 | D:3      | Found a stormy altar of Qazlal.
  2098 | D:3      | Found a blossoming altar of Fedhas.
  2578 | D:3      | Reached XP level 5. HP: 23/32 MP: 3/9
  2588 | D:3      | Reached skill level 4 in Air Magic
  2875 | D:4      | Shot with a bolt by a kobold

Illustrated notes

Levels and vault maps discovered:
D:1:      onia_arrival_zoo_common, layout_basic, basic_ecumenical_altar
D:2:      layout_rooms, serial_bayou, serial_bayou_pond_b, serial_bayou_ford_a,
          serial_bayou_lake_a, serial_bayou_pond_b, serial_shops,
          nicolae_shop_hallway_plus, minmay_gold_behind_fungi, minivault_27,
          chequers_serial_rivers_large_b, lemuel_old_faithful
D:3:      layout_basic, chequers_temple_overflow_minitemple
D:4:      layout_basic, nicolae_hepliaklqana_hazy_memory

Skill      XL: |  1  2  3  4  5 |
---------------+----------------+-----
Maces & Flails | 1 2 |  2.1
Stealth        | 3 |  3.2
Air Magic      | 4 |  4.0
Fighting       | |  0.3
Dodging        | |  2.3
Spellcasting   | |  2.7
Conjurations   | |  1.8

Action                   |  1- 3 |  4- 6 || total
-------------------------+-------+-------++-------
Melee: Whip              |    45 |    28 ||    73
       Constrict         |    12 |     5 ||    17
       Tentacles         |     7 |     5 ||    12
 Cast: Shock             |    65 |    12 ||    77
  Use: Scroll            |     6 |     4 ||    10
       Potion            |       |     1 ||     1
 Stab: Sleeping          |     1 |       ||     1
Armor: Skin              |     6 |       ||     6
Dodge: Dodged            |    29 |    25 ||    54

Table legend: (Time is in decaauts)
 A = Elapsed time spent in this place.
 B = Non-inter-level travel time spent in this place.
 C = Inter-level travel time spent in this place.
 D = Time resting spent in this place.
 E = Time spent auto-exploring this place.
 F = Levels seen in this place.
 G = Mean time per level.
                   A        B        C        D        E       F      G
               +--------+--------+--------+--------+--------+-----+--------+
         Total |   2875 |   2875 |      0 |    173 |      0 |   4 |  718.8 |
       Dungeon |   2875 |   2875 |      0 |    173 |      0 |   4 |  718.8 |
               +--------+--------+--------+--------+--------+-----+--------+

Top non-repeatable levels by time:
     D:1: 1073 daAuts
     D:3: 1063 daAuts
     D:2: 714 daAuts
     D:4: 24 daAuts
